[Event "Kvibergspelen September 2019"]
[Site "Prioritet Serneke Arena, Krutvagen 2, Gothenburg, Sweden"]
[Date "2019.09.27"]
[Round "4.8"]
[White "Pantzar, Milton"]
[Black "Johansson, Gunnar"]
[Result "1-0"]
[TimeControl "15 minutes + 5 seconds per move from move one (Round 1 - 4) / 90 minutes + 30 seconds per move from move one (Round 5 - 8)"]
[WhiteTitle "FM"]
[WhiteFideId "1721003"]
[BlackFideId "1703501"]
[WhiteElo "2376"]
[BlackElo "2183"]

1. d4 d5 2. c4 c6 3. Nf3 Nf6 4. Nbd2 Bf5 5. Nh4 Bc8 6. e3 g6 7. b3 Bg7 8. Bb2 O-O 9. Be2 Ne4 10.
Nhf3 Bf5 11. O-O Nd7 12. Nxe4 Bxe4 13. Rc1 Rc8 14. Ng5 Nf6 15. Nxe4 Nxe4 16. Qd3 Qd7 17. Ba3 Rfd8 18. cxd5 cxd5 19.
Qb5 Qxb5 20. Bxb5 Bf8 21. Bd3 e6 22. Bb2 Bb4 23. f3 Nd6 24. Kf2 Bd2 25. Rxc8 Rxc8 26. Ke2 Bb4 27. g4 h6 28.
h4 a6 29. h5 g5 30. e4 Nb5 31. a4 Na7 32. exd5 exd5 33. Bf5 Re8+ 34. Kd3 Bd6 35. Bc1 Nc6 36. Bd2 Nb4+ 37. Bxb4 Bxb4 38.
Rc1 Kg7 39. Rc7 b6 40. Rd7 Re1 41.
Rxd5 a5 42. Rd7 Kf6 43. Rb7 Rd1+ 44. Ke3 Rc1 45. Rxb6+ Kg7 46. Rb7 Rc3+ 47. Ke4 Rxb3 48. Be6 Ra3 49. Rxf7+ Kh8 50. d5 Rxa4 51. Kf5 Bc3 52. Kg6 1-0

[Event "Kvibergspelen September 2019"]
[Site "Prioritet Serneke Arena, Krutvagen 2, Gothenburg, Sweden"]
[Date "2019.09.27"]
[Round "4.9"]
[White "Kumar, Rahul"]
[Black "Akesson, Ralf"]
[Result "0-1"]
[TimeControl "15 minutes + 5 seconds per move from move one (Round 1 - 4) / 90 minutes + 30 seconds per move from move one (Round 5 - 8)"]
[BlackTitle "GM"]
[WhiteFideId "5010969"]
[BlackFideId "1700120"]
[WhiteElo "2158"]
[BlackElo "2367"]

1. e4 c6 2. d4 d5 3. exd5 cxd5 4. Bd3 Nc6 5. c3 Nf6 6. Bf4 Bg4 7. Nf3 Qb6 8. b4 e6 9. O-O Be7 10.
a4 a6 11. Nbd2 O-O 12. Qb1 Bh5 13. Ne5 Bg6 14. Nxg6 hxg6 15. Nf3 Rac8 16. Re1 Qd8 17. a5 Bd6 18. Bd2 Nd7 19. Qa2 Qc7 20.
g3 Rfe8 21. Kg2 Rcd8 22. Re2 Ne7 23. Rae1 Nf5 24. Qb3 Rc8 25. h4 Nf6 26. Ne5 Nd7 27. f4 Bf8 28. Rh1 Nf6 29. g4 Nd6 30.
h5 gxh5 31. gxh5 Nde4 32. Bxe4 Nxe4 33. Rh3 Qd8 34. Qc2 Qf6 35. Ng4 Qf5 36. Nf2 Ng3 37. Qxf5 Nxf5 38. Ng4 Kh7 39. Ne3 Nd6 40.
Ng4 Ne4 41. h6 g6 42. Rxe4 dxe4 43. Nf6+ Kh8 44. Nxe4 Be7 45. Kf2 Red8 46. Ke2 Rd5 47. Ng3 Kh7 48. Kd3 Rd7 49. Ne4 f6 50. Be1 f5 51. Nd2 Bf8 52.
Nf3 Be7 53. Ne5 Rdc7 54. Rg3 Bh4 55. c4 Bxg3 56. Bxg3 Kxh6 57. Bh4 Kg7 58. c5 Rh8 59. Bg5 Rh1 60. Kc4 Rc1+ 61. Kd3 Rc8 62.
Nc4 Rh8 63. Nd6 Rh3+ 64. Kd2 Ra1 65. Nxb7 Ra2+ 66. Ke1 Rh1# 0-1

[Event "Kvibergspelen September 2019"]
[Site "Prioritet Serneke Arena, Krutvagen 2, Gothenburg, Sweden"]
[Date "2019.09.27"]
[Round "4.10"]
[White "Sorensen, Hampus"]
[Black "Trost, Edvin"]
[Result "1/2-1/2"]
[TimeControl "15 minutes + 5 seconds per move from move one (Round 1 - 4) / 90 minutes + 30 seconds per move from move one (Round 5 - 8)"]
[WhiteTitle "FM"]
[WhiteFideId "8703884"]
[BlackFideId "1729519"]
[WhiteElo "2319"]
[BlackElo "1982"]

1. d4 Nf6 2. c4 e6 3. Nf3 d5 4. Bg5 a6 5. e3 Nbd7 6. Nbd2 Be7 7. Be2 b6 8. O-O Bb7 9. Rc1 O-O 10. a3 c5 11.
h3 h6 12. Bh4 dxc4 13. Nxc4 b5 14. Ncd2 Rc8 15. Bg3 Qb6 16. Bd3 cxd4 17. Rxc8 Rxc8 18. Nxd4 Bd6 19. Bxd6 Qxd6 20. Bb1 Qd5 21.
Qf3 Ne5 22. Qxd5 Nxd5 23. N4b3 Nb6 24. Na5 Ba8 25. f4 Nc6 26. Nxc6 Rxc6 27. Be4 Rd6 28. Bxa8 Rxd2 29. Bb7 Rxb2 30.
Bxa6 Nc4 31. Rf2 Rb1+ 32. Rf1 Rb3 33. a4 Nxe3 34. Ra1 bxa4 35. Rxa4 Rb2 36. g4 g6 37. Bd3 Rd2 38. Be4 Nd5 39. Bxd5 Rxd5 40. Kg2 Rd3 41. Ra5 Kg7 42. Ra4 Kf6 43. Rb4 Rd2+ 44.
Kg3 Rd3+ 45. Kg2 Rd5 46.
Ra4 h5 47. Kg3 Rd3+ 48. Kg2 h4 49. Rb4 Rd5 50. Ra4 g5 51. fxg5+ Kxg5 52. Ra7 f6 53. Ra4 Rd2+ 54. Kg1 e5 55. Kh1 Rd4 56. Ra5 Kf4 57.
Ra3 Rd1+ 58. Kg2 Rd2+ 59. Kf1 e4 60. Ra6 Kg3 61. Rxf6 Kxh3 62. g5 Rd5 63. Rf4 Rxg5 64. Rxe4 Rf5+ 65. Kg1 Rf3 66. Re8 Ra3 67. Rh8 Ra1+ 68. Kf2 Rh1 69. Ra8 Kh2 70. Ra2 Rg1 71. Kf3+ Kh1 72. Ra4 h3 73. Ra2 h2 74. Rb2 Rc1 75.
Kf2 Rg1 76. Kf3 Rf1+ 77. Kg3 Rg1+ 78. Kh3 Rd1 79. Rxh2+ 1/2-1/2

[Event "Kvibergspelen September 2019"]
[Site "Prioritet Serneke Arena, Krutvagen 2, Gothenburg, Sweden"]
[Date "2019.09.27"]
[Round "4.11"]
[White "Carlsson, Ludvig"]
[Black "Sidorchuk, Dmitry"]
[Result "1-0"]
[TimeControl "15 minutes + 5 seconds per move from move one (Round 1 - 4) / 90 minutes + 30 seconds per move from move one (Round 5 - 8)"]
[WhiteTitle "CM"]
[WhiteFideId "1727010"]
[BlackFideId "14110903"]
[WhiteElo "2066"]
[BlackElo "2266"]

1. d4 d5 2. c4 c6 3. cxd5 cxd5 4. Nc3 Nf6 5. Nf3 e6 6. Bf4 Bd6 7. Bg3 O-O 8. e3 Nc6 9. Bd3 a6 10.
Ne5 Ne7 11. Qf3 b5 12. O-O Bb7 13. Bh4 Ng6 14. Nxg6 hxg6 15. Rfc1 Be7 16. Rc2 Qd7 17. Rac1 Rfc8 18. Qd1 Ne8 19.
Bxe7 Qxe7 20. Qg4 Nd6 21. h4 Qf6 22. a3 Nc4 23. b3 Nxa3 24. Nxd5 Qd8 25. Rxc8 Rxc8 26. Rxc8 Bxc8 27. Nc3 b4 28.
Na4 Qd5 29. Nc5 a5 30. Qf4 Bd7 1-0

[Event "Kvibergspelen September 2019"]
[Site "Prioritet Serneke Arena, Krutvagen 2, Gothenburg, Sweden"]
[Date "2019.09.27"]
[Round "4.12"]
[White "Seo, Jung Hyun"]
[Black "Ernst, Thomas"]
[Result "0-1"]
[TimeControl "15 minutes + 5 seconds per move from move one (Round 1 - 4) / 90 minutes + 30 seconds per move from move one (Round 5 - 8)"]
[BlackTitle "GM"]
[WhiteFideId "1735667"]
[BlackFideId "1700065"]
[WhiteElo "1685"]
[BlackElo "2328"]

1. e4 c5 2. Nf3 Nc6 3. d4 cxd4 4.
Nxd4 Nf6 5. Nc3 d6 6. f3 g6 7. Be3 Bg7 8. Qd2 O-O 9. O-O-O d5 10. Qe1 e5 11. Nxc6 bxc6 12. exd5 cxd5 13.
Bg5 Be6 14. Qxe5 h6 15. Bxf6 Bxf6 16. Qe1 Rb8 17. Be2 Qa5 18. a3 Rfc8 19. Rd3 Qb6 20. b3 Qc6 21. Kb2 d4 22. Ne4 Qxc2+ 23. Ka1 Bg7 24. Qd1 Bxb3 25. Qxc2 Bxc2 26. Rd2 d3+ 0-1

[Event "Kvibergspelen September 2019"]
[Site "Prioritet Serneke Arena, Krutvagen 2, Gothenburg, Sweden"]
[Date "2019.09.27"]
[Round "4.13"]
[White "Cramling, Pia"]
[Black "Bengtsson, Siv"]
[Result "1-0"]
[TimeControl "15 minutes + 5 seconds per move from move one (Round 1 - 4) / 90 minutes + 30 seconds per move from move one (Round 5 - 8)"]
[WhiteTitle "GM"]
[WhiteFideId "1700030"]
[BlackFideId "1701673"]
[WhiteElo "2487"]
[BlackElo "2086"]

1. c4 Nf6 2. Nc3 d5 3. cxd5 Nxd5 4. g3 g6 5. Bg2 Nxc3 6. bxc3 Bg7 7. Rb1 Nc6 8. Bxc6+ bxc6 9. Qa4 Bd7 10.
Nf3 O-O 11. O-O e5 12. d3 Re8 13. Ng5 Qe7 14. Ne4 c5 15. Qc4 Be6 16. Qxc5 Qxc5 17. Nxc5 Bxa2 18. Rb7 e4 19. d4 Re7 20.
Bf4 Bc4 21. Ra1 a5 22. Rxa5 Rc8 23. Kf1 h6 24. h4 Bd5 25. Rb4 f5 26. e3 Kf7 27. c4 Bc6 28. Ra6 Be8 29. Rb7 Bf6 30.
Bxh6 c6 31. Rxe7+ Bxe7 32. Ra7 1-0

[Event "Kvibergspelen September 2019"]
[Site "Prioritet Serneke Arena, Krutvagen 2, Gothenburg, Sweden"]
[Date "2019.09.27"]
[Round "4.14"]
[White "Bellon Lopez, Juan"]
[Black "Ronneland, Daniel"]
[Result "1-0"]
[TimeControl "15 minutes + 5 seconds per move from move one (Round 1 - 4) / 90 minutes + 30 seconds per move from move one (Round 5 - 8)"]
[WhiteTitle "GM"]
[WhiteFideId "2200031"]
[BlackFideId "1702130"]
[WhiteElo "2334"]
[BlackElo "2137"]

1. d4 d5 2. Bg5 Nf6 3. Bxf6 exf6 4. e3 Bd6 5. c4 dxc4 6. Bxc4 O-O 7. Nc3 f5 8. Nf3 c6 9. Bd3 Re8 10.
Qc2 g6 11. O-O-O Na6 12. Bxa6 bxa6 13. Na4 Qa5 14. Nd2 Be6 15. Nc4 Bxc4 16. Qxc4 Rac8 17. Kb1 c5 18. dxc5 Re4 19. Rd4 Bxc5 20. Rxe4 fxe4 21. Rd1 1-0

[Event "Kvibergspelen September 2019"]
[Site "Prioritet Serneke Arena, Krutvagen 2, Gothenburg, Sweden"]
[Date "2019.09.27"]
[Round "4.15"]
[White "Troberg Eskola, Love"]
[Black "Ziegler, Ari"]
[Result "0-1"]
[TimeControl "15 minutes + 5 seconds per move from move one (Round 1 - 4) / 90 minutes + 30 seconds per move from move one (Round 5 - 8)"]
[BlackTitle "IM"]
[WhiteFideId "1724185"]
[BlackFideId "1700987"]
[WhiteElo "2143"]
[BlackElo "2299"]

1. e4 c5 2. Nc3 e6 3. g3 Nc6 4. Bg2 g6 5. Nge2 Bg7 6. d3 Nge7 7. Be3 d6 8. d4 cxd4 9. Nxd4 a6 10.
Qd2 O-O 11. Rd1 Ne5 12. Qe2 Qc7 13. O-O Rb8 14. f4 Nc4 15. Bc1 b5 16. b3 Nb6 17. Ncxb5 axb5 18. Nxb5 Ba6 19. Rf2 Bxb5 20.
Qxb5 Nbd5 21. Qd3 Nc3 22. Qxd6 Qa7 23. Rd3 Nb5 24. Qb4 Bd4 25. Rxd4 Nxd4 26. Qa3 Qxa3 27. Bxa3 Rfe8 28. Bd6 Rbc8 29.
c4 Nec6 30. Rd2 f6 31. e5 fxe5 32. fxe5 Nf5 33. b4 Nxb4 34. Bxb4 Rxc4 35. a3 Ne3 36. Bh3 Rc2 37. Rd6 Nf5 38.
Rd7 Re2 39. Bf1 Rxe5 40. g4 Ne3 41. Bc3 Rg5 42. Rg7+ Kf8 43. Rxh7 Nxg4 44. Rh8+ Kf7 45. Rh7+ Kf8 46. Rh8+ Ke7 47. Rh7+ Kd6 48. Bb4+ Ke5 49.
Bc3+ Ke4 50. Bg2+ Ke3 51. Rf7 Ne5 52. Rf1 Nd3 53. Rf3+ Ke2 54. Rh3 Nf4 55. Rg3 Rxg3 56. hxg3 Nxg2 57. Kxg2 Rc8 58. Bb4 Rc4 59. g4 e5 60. Bd6 e4 0-1

[Event "Kvibergspelen September 2019"]
[Site "Prioritet Serneke Arena, Krutvagen 2, Gothenburg, Sweden"]
[Date "2019.09.27"]
[Round "4.16"]
[White "Storme, Isak"]
[Black "Skou, Niels"]
[Result "1-0"]
[TimeControl "15 minutes + 5 seconds per move from move one (Round 1 - 4) / 90 minutes + 30 seconds per move from move one (Round 5 - 8)"]
[WhiteTitle "FM"]
[WhiteFideId "1728113"]
[BlackFideId "1413155"]
[WhiteElo "2272"]
[BlackElo "2082"]

1. e4 e5 2. Nf3 Nc6 3. Bc4 Bc5 4. d3 Nf6 5. O-O d6 6. c3 a6 7. a4 O-O 8. Nbd2 Ba7 9. h3 h6 10.
Re1 Re8 11. b4 Be6 12. Qc2 Bxc4 13. Nxc4 Qd7 14. b5 Ne7 15. Rb1 axb5 16. axb5 Nc8 17. Bd2 Nb6 18. Na5 Reb8 19. d4 exd4 20.
cxd4 Nc8 21. e5 Nd5 22. Nc4 Bb6 23. Qe4 c6 24. bxc6 bxc6 25. Qh4 Bd8 26. Rxb8 Rxb8 27. Qg3 Kh7 28. exd6 Rb3 29. Nfe5 Qb7 30.
Qg4 Bf6 31. Na5 1-0

[Event "Kvibergspelen September 2019"]
[Site "Prioritet Serneke Arena, Krutvagen 2, Gothenburg, Sweden"]
[Date "2019.09.27"]
[Round "4.17"]
[White "Harren, Mats"]
[Black "Pham, Bich Ngoc"]
[Result "1-0"]
[TimeControl "15 minutes + 5 seconds per move from move one (Round 1 - 4) / 90 minutes + 30 seconds per move from move one (Round 5 - 8)"]
[BlackTitle "WIM"]
[WhiteFideId "1703943"]
[BlackFideId "12401285"]
[WhiteElo "2113"]
[BlackElo "2244"]

1. e4 g6 2. d4 Bg7 3. Nc3 d6 4. Bg5 Nc6 5. d5 Nb8 6.
Qd2 h6 7. Bh4 g5 8. Bg3 e5 9. Be2 Nf6 10. h4 g4 11. h5 Nbd7 12. f3 gxf3 13. gxf3 Nb6 14. a4 a5 15. Bf2 Ng8 16.
Bb5+ Bd7 17. Bxb6 cxb6 18. Qg2 Qg5 19. Qxg5 hxg5 20. Nge2 Rc8 21. Kd2 Nf6 22. Ng3 g4 23. Nf5 Bf8 24.
fxg4 Nxg4 25. Raf1 Nh6 26. Kd3 Nxf5 27. Rxf5 Rc7 28. Rhf1 Rh7 29. Bxd7+ Rxd7 30. Nd1 Bh6 31. Rg1 Ke7 32.
c3 Rd8 33. Kc4 Rdh8 34. Kb5 Bc1 35. Kxb6 Rxh5 36. Rxh5 Rxh5 37. Kxa5 Rh2 38. b3 Re2 39. Kb6 Ra2 40. a5 Ra1 41. Rf1 Bd2 42. b4 Bxc3 43. Rxf7+ Kxf7 44. Nxc3 Ke7 45. Kxb7 Rc1 46. a6 Rxc3 47. a7 Rb3 48.
a8=Q Rxb4+ 49. Kc6 Rc4+ 50. Kb5 Rxe4 51. Qg8 Re1 52. Qe6+ Kd8 53. Qxd6+ Ke8 54. Qe6+ Kd8 55. Kc6 Rc1+ 56. Kb5 Rb1+ 57. Kc4 Re1 58. Qf7 e4 59. d6 Rc1+ 60. Kb3 Rd1 61. Qe7+ Kc8 62. Qc7# 1-0

[Event "Kvibergspelen September 2019"]
[Site "Prioritet Serneke Arena, Krutvagen 2, Gothenburg, Sweden"]
[Date "2019.09.27"]
[Round "4.18"]
[White "Petersson, Baldur Teodor"]
[Black "Troedsson, Anton"]
[Result "1-0"]
[TimeControl "15 minutes + 5 seconds per move from move one (Round 1 - 4) / 90 minutes + 30 seconds per move from move one (Round 5 - 8)"]
[WhiteTitle "CM"]
[WhiteFideId "2309157"]
[BlackFideId "1746006"]
[WhiteElo "2238"]
[BlackElo "2056"]

1. e4 c6 2. d4 d5 3. e5 Bf5 4. g4 Bd7 5. c4 e6 6. Nc3 Ne7 7. Nf3 h5 8. gxh5 Nf5 9. Bg5 Qa5 10. a3 dxc4 11. Bxc4 b5 12.
Bd3 Rxh5 13. h4 Na6 14. O-O Nc7 15. Qe2 Qb6 16. Rfd1 Be7 17. Bxf5 exf5 18. Bxe7 Kxe7 19. d5 cxd5 20.
Rxd5 Rah8 21. Rd6 Qb7 22. Rad1 Be6 23. Qd3 g6 24. Rd8 Qc6 25. Rxh8 1-0

[Event "Kvibergspelen September 2019"]
[Site "Prioritet Serneke Arena, Krutvagen 2, Gothenburg, Sweden"]
[Date "2019.09.27"]
[Round "4.19"]
[White "Svorono, Gabriel"]
[Black "Frisk, Ellinor"]
[Result "0-1"]
[TimeControl "15 minutes + 5 seconds per move from move one (Round 1 - 4) / 90 minutes + 30 seconds per move from move one (Round 5 - 8)"]
[BlackTitle "WIM"]
[WhiteFideId "1715623"]
[BlackFideId "1708481"]
[WhiteElo "2082"]
[BlackElo "2227"]

1. e4 c5 2. Nf3 Nc6 3. Nc3 g6 4. d4 cxd4 5. Nxd4 Bg7 6. Be3 Nf6 7. Bc4 O-O 8. Bb3 a5 9. O-O a4 10.
Nxa4 Nxe4 11. Nb5 d5 12. Bb6 Qd7 13. Nc7 Rxa4 14. Bxa4 Bxb2 15. Qxd5 Bxa1 16. Qxe4 Bg7 17. Nd5 e6 18.
Nb4 Qd2 19. Nxc6 bxc6 20. Be3 Qe2 21. Qd3 Ba6 22. Qxe2 Bxe2 23. Re1 Bc4 24. Bb3 Ba6 25. Rd1 Bf6 26. Ba4 Bb5 27. Bb3 Rd8 28.
Rxd8+ Bxd8 29. c4 Ba6 30. Kf1 Kf8 31. Ke1 Ke7 32. c5 Ba5+ 33. Kd1 Bc7 34. g3 f6 35. Kc2 h5 36. h4 Bf1 37.
Bd2 Bd8 38. Bb4 g5 39. Kc3 Bb5 40. Bd1 g4 41. a4 Ba6 42. Bb3 f5 43. Bc4 Bb7 44. a5 e5 45. a6 Ba8 46. Kb3 Kf6 47. Ka4 f4 48. Ba5 Be7 49.
Bd3 Bxc5 50. Bc3 fxg3 51. fxg3 Bf2 52. Ka5 c5 53. Kb6 c4+ 0-1

[Event "Kvibergspelen September 2019"]
[Site "Prioritet Serneke Arena, Krutvagen 2, Gothenburg, Sweden"]
[Date "2019.09.27"]
[Round "4.20"]
[White "Torngren, Gustav"]
[Black "Bergmanolson, Michael"]
[Result "1/2-1/2"]
[TimeControl "15 minutes + 5 seconds per move from move one (Round 1 - 4) / 90 minutes + 30 seconds per move from move one (Round 5 - 8)"]
[WhiteTitle "CM"]
[WhiteFideId "1728970"]
[BlackFideId "1701436"]
[WhiteElo "2227"]
[BlackElo "2050"]

1. c4 e5 2. g3 Nc6 3. Bg2 Nf6 4. Nf3 Bc5 5. O-O d6 6. Nc3 O-O 7. a3 a6 8. b4 Ba7 9. d3 h6 10.
Be3 Nd4 11. Nd5 c6 12. Nxf6+ Qxf6 13. Nxd4 Bxd4 14. Bxd4 exd4 15. Qd2 Re8 16. Rfe1 Bg4 17. Rab1 Re7 18. h3 Bd7 19. a4 Ree8 20.
Rb2 Qe5 21. Reb1 Qh5 22. Kh2 Qe5 23. Qd1 h5 24. Bf3 h4 25. Qg1 hxg3+ 26. Qxg3 Qxg3+ 27. fxg3 g6 28. h4 Kg7 29. Kg2 Re7 30. Kf2 Ree8 31. Ra2 Kf6 32.
Rba1 g5 33. hxg5+ Kxg5 34. Rh1 Rh8 35. Raa1 Kf6 36. Kg2 Ke7 37. Kf2 Kf6 38. Raf1 Ke7 39. Re1 Kf6 40. Ref1 Ke7 41. a5 Rab8 42.
Ra1 Kf6 43. Be4 Kg7 44. Kf3 f5 45. b5 fxe4+ 46. Kxe4 cxb5 47. Kxd4 Bc6 48. Rhf1 bxc4 49. Kxc4 Rbf8 50. Rf4 Rxf4+ 51. gxf4 Kf6 52. e4 Rh4 53. Rf1 Rh2 54. Kd4 Ra2 55.
e5+ dxe5+ 56. fxe5+ Ke7 57. Kc3 Rxa5 58. d4 Rd5 59. Rg1 a5 60. Rg7+ Ke8 61.
Rg8+ Ke7 62. Rg7+ Ke8 63. Rg8+ Kf7 64. Rc8 a4 65. Rb8 Ke6 66. Rh8 a3 67. Ra8 Rb5 68. Rxa3 Rb1 69. Ra8 Rh1 70. Rg8 Rc1+ 71. Kb4 Rb1+ 72. Kc5 Rc1+ 73. Kb6 Rb1+ 74.
Kc7 Rd1 75. Rg6+ Ke7 76. Rd6 Bf3 77. Rd7 Ke8 78. Rd8+ Ke7 79. Rd7 Ke6 80. Rd6+ Ke7 81. Rd7 1/2-1/2

[Event "Kvibergspelen September 2019"]
[Site "Prioritet Serneke Arena, Krutvagen 2, Gothenburg, Sweden"]
[Date "2019.09.28"]
[Round "5.2"]
[White "Hillarp Persson, Tiger"]
[Black "Le, Quang Long"]
[Result "1/2-1/2"]
[TimeControl "15 minutes + 5 seconds per move from move one (Round 1 - 4) / 90 minutes + 30 seconds per move from move one (Round 5 - 8)"]
[WhiteTitle "GM"]
[BlackTitle "IM"]
[WhiteFideId "1700812"]
[BlackFideId "12401749"]
[WhiteElo "2558"]
[BlackElo "2415"]

1. Nf3 f5 2. d3 Nf6 3. Nbd2 Nc6 4. e4 e5 5. c3 d5 6. exd5 Qxd5 7. d4 e4 8. Bc4 Qd6 9. Ng5 Nd8 10.
Qb3 Qe7 11. O-O c6 12. Re1 h6 13. Ngxe4 fxe4 14. Nxe4 Nxe4 15. f3 Bf5 16. fxe4 Be6 17. Be3 Bxc4 18. Qxc4 Qf7 19. d5 Be7 20.
Rad1 Qg6 21. Bc5 Bxc5+ 22. Qxc5 Rf8 23. e5 cxd5 24. e6 Nc6 25. Rxd5 Rf6 26. e7 Re6 27. Rf1 Rxe7 28. Rd6 Qe4 29.
Qh5+ g6 30. Qxh6 Qe3+ 31. Qxe3 Rxe3 32. Rxg6 O-O-O 33. Rgf6 Ne5 34. R6f2 Kc7 35. h3 Kc6 36. Kh2 Rh8 37. Rd2 Rh6 38.
Rf4 Rg6 39. a4 a6 40. Rf8 Re4 41. b4 Kc7 42. Rf5 Rg7 43. a5 Re7 44. Rd5 Re2 45. Kg1 Nc6 46. Rf2 R2e3 47. Rc5 Rd3 48.
Rb2 Kd6 49. Rf2 Ree3 50. Rf7 Re7 51. Rf2 Re5 52. Rf6+ Re6 53. Rxe6+ Kxe6 54. b5 axb5 55. Rxb5 Rxc3 56. Rxb7 Nxa5 57.
Rb5 Nc6 58. Kh2 Ne5 59. Rb8 1/2-1/2

[Event "Kvibergspelen September 2019"]
[Site "Prioritet Serneke Arena, Krutvagen 2, Gothenburg, Sweden"]
[Date "2019.09.28"]
[Round "5.3"]
[White "Lindberg, Bengt"]
[Black "Blomqvist, Erik"]
[Result "1/2-1/2"]
[TimeControl "15 minutes + 5 seconds per move from move one (Round 1 - 4) / 90 minutes + 30 seconds per move from move one (Round 5 - 8)"]
[WhiteTitle "IM"]
[BlackTitle "GM"]
[WhiteFideId "1700359"]
[BlackFideId "1709437"]
[WhiteElo "2397"]
[BlackElo "2519"]

1. e4 c5 2. Nf3 e6 3. d4 cxd4 4.
Nxd4 a6 5. Nc3 b5 6. Bd3 Bb7 7. O-O Nc6 8. Nxc6 Bxc6 9. Re1 Qb8 10. Qe2 Bd6 11. e5 Bc7 12. Be4 Bxe4 13. Qxe4 Ne7 14.
Bf4 O-O 15. Rad1 b4 16. Ne2 Nd5 17. Bg3 d6 18. exd6 Bxd6 19. Bxd6 Qxd6 20. c4 bxc3 21. Nxc3 Rfd8 1/2-1/2

[Event "Kvibergspelen September 2019"]
[Site "Prioritet Serneke Arena, Krutvagen 2, Gothenburg, Sweden"]
[Date "2019.09.28"]
[Round "5.4"]
[White "Schandorff, Lars"]
[Black "Pantzar, Milton"]
[Result "1/2-1/2"]
[TimeControl "15 minutes + 5 seconds per move from move one (Round 1 - 4) / 90 minutes + 30 seconds per move from move one (Round 5 - 8)"]
[WhiteTitle "GM"]
[BlackTitle "FM"]
[WhiteFideId "1400070"]
[BlackFideId "1721003"]
[WhiteElo "2496"]
[BlackElo "2376"]

1. Nf3 d5 2. e3 Nf6 3. c4 c6 4. Nc3 e6 5. b3 Bd6 6. Bb2 Nbd7 7. d4 b6 8. Bd3 Bb7 9. O-O O-O 10.
Rc1 Qe7 11. Re1 Rac8 12. cxd5 cxd5 13. Re2 a6 14. Rec2 b5 15. a4 b4 16. Ne2 Ne4 17. Ng3 f5 18. Qf1 Rxc2 19. Rxc2 Ra8 20.
Ne2 a5 21. Bb5 Rc8 22. Rxc8+ Bxc8 23. Qc1 Bb7 24. Nf4 Nf8 25. Nd3 Qc7 26. Qxc7 Bxc7 27. Nc5 Bc8 28. Kf1 Kf7 29. Ke2 Ke7 30.
g3 Nd7 31. Nxd7 Bxd7 32. Bd3 Bc8 33. Ne1 g5 34. f3 1/2-1/2

[Event "Kvibergspelen September 2019"]
[Site "Prioritet Serneke Arena, Krutvagen 2, Gothenburg, Sweden"]
[Date "2019.09.28"]
[Round "5.5"]
[White "Akesson, Ralf"]
[Black "Seo, Jung Min"]
[Result "1/2-1/2"]
[TimeControl "15 minutes + 5 seconds per move from move one (Round 1 - 4) / 90 minutes + 30 seconds per move from move one (Round 5 - 8)"]
[WhiteTitle "GM"]
[BlackTitle "FM"]
[WhiteFideId "1700120"]
[BlackFideId "1734687"]
[WhiteElo "2367"]
[BlackElo "2437"]

1. d4 Nf6 2. c4 b6 3. Nc3 Bb7 4. f3 d5 5. cxd5 Nxd5 6. e4 Nxc3 7. bxc3 g6 8. Bb5+ c6 9. Ba4 Bg7 10.
Ne2 O-O 11. O-O Nd7 12. Bg5 Re8 13. Qd2 Qc7 14. Bf4 e5 15. Bg3 b5 16. Bb3 Qb6 17. Kh1 exd4 18. cxd4 c5 19. Rac1 Rac8 20.
dxc5 Nxc5 21. Bf2 Nxb3 22. axb3 Rxc1 23. Qxc1 Qe6 24. Qc7 Qe7 25. Rc1 a6 26. Qb6 Bc8 27. Bd4 Qe6 28. Qxe6 Bxe6 29.
Bxg7 Kxg7 30. Nd4 Rd8 31. Nxe6+ fxe6 32. h4 Rd3 33. b4 Rd4 34. Rc6 Kf6 35. Rxa6 h5 36. Kh2 Rxb4 37. Rb6 Rb2 38.
Kg3 Ke5 39. f4+ Kxe4 40. Rxe6+ Kf5 41. Re5+ Kf6 42. Kf3 Rb3+ 43. Ke4 Rb4+ 44. Kf3 Rb1 45. Rc5 b4 46. Rc6+ Kf7 47. Rc7+ Ke8 48.
Rb7 b3 49. Kg3 b2 50. Kh2 Kd8 51. g3 Kc8 52. Rb3 Kd7 53. Kg2 Kc6 54. Rb8 Kd5 55. Rb7 Ke4 56. Rb8 Kf5 57. Rb5+ Ke6 58.
Rb8 Kd5 59. Rb7 Kc4 60. Rb8 Kc3 61. Rc8+ 1/2-1/2

[Event "Kvibergspelen September 2019"]
[Site "Prioritet Serneke Arena, Krutvagen 2, Gothenburg, Sweden"]
[Date "2019.09.28"]
[Round "5.6"]
[White "Cramling, Pia"]
[Black "Carlsson, Ludvig"]
[Result "0-1"]
[TimeControl "15 minutes + 5 seconds per move from move one (Round 1 - 4) / 90 minutes + 30 seconds per move from move one (Round 5 - 8)"]
[WhiteTitle "GM"]
[BlackTitle "CM"]
[WhiteFideId "1700030"]
[BlackFideId "1727010"]
[WhiteElo "2487"]
[BlackElo "2066"]

1. Nf3 Nf6 2. c4 e6 3. g3 b6 4. Bg2 Bb7 5. Nc3 c5 6. O-O a6 7. d4 cxd4 8. Qxd4 Nc6 9. Qf4 Ne7 10.
e4 Ng6 11. Qe3 h5 12. Qe2 h4 13. Nxh4 Nxh4 14. gxh4 Qc7 15. Bg5 Bd6 16. Rfe1 Bxh2+ 17. Kf1 Be5 18. Rac1 Nh5 19. Nd5 exd5 20. exd5 d6 21. Bf3 Nf6 22.
Bg2 Nh5 23. Bf3 Nf6 24. Bg2 Kf8 25. f4 Nh5 26. Qf2 Bf6 27. Bf3 Qc5 28. Qd2 Bc8 29. Kg2 Bxg5 30. fxg5 Bf5 31. b4 Qc7 32.
c5 dxc5 33. d6 Rd8 34. bxc5 bxc5 35. Rcd1 Qd7 36. Re5 Bg4 37. Qe3 Qa4 38. Re4 Bxf3+ 39. Qxf3 Qc2+ 40. Kh3 g6 41. Rf1 Rh7 42.
Re7 Qc4 43. Rc7 Nf6 44. Qxf6 Qxh4+ 45. Kg2 Qg4+ 0-1

[Event "Kvibergspelen September 2019"]
[Site "Prioritet Serneke Arena, Krutvagen 2, Gothenburg, Sweden"]
[Date "2019.09.28"]
[Round "5.7"]
[White "Lindbol, Aleksander"]
[Black "Bellon Lopez, Juan"]
[Result "0-1"]
[TimeControl "15 minutes + 5 seconds per move from move one (Round 1 - 4) / 90 minutes + 30 seconds per move from move one (Round 5 - 8)"]
[BlackTitle "GM"]
[WhiteFideId "1520644"]
[BlackFideId "2200031"]
[WhiteElo "2216"]
[BlackElo "2334"]

1. e4 c5 2. Nf3 Nc6 3. d4 cxd4 4. Nxd4 e5 5. Nb5 d6 6. c4 Nf6 7. N1c3 a6 8. Na3 Be7 9. Be2 O-O 10.
Be3 Ne8 11. O-O Bg5 12. Nd5 Bxe3 13. Nxe3 Qh4 14. Bd3 Be6 15. Nd5 f5 16. exf5 Bxd5 17. cxd5 Ne7 18. Rc1 Qd4 19. Nc2 Qxb2 20.
Rb1 Qxa2 21. Rxb7 Rf7 22. Qe2 Qa5 23. Ne3 Nf6 24. Rfb1 Qc5 25. Bxa6 Ne4 26. Qc4 Qd4 27. Rb8+ Rf8 28.
Rxf8+ Kxf8 29. Rd1 Qxc4 30. Bxc4 Ra3 31. g4 g6 32. Rb1 gxf5 33. gxf5 Kf7 34. Rb7 Kf6 35. Ng4+ Kxf5 36. Rxe7 Kxg4 37.
Rxh7 Ng5 38. Be2+ Kf5 39. Rh6 e4 40. Rxd6 Nh3+ 41. Kf1 Ra1+ 42. Bd1 Rxd1+ 43. Ke2 Rd3 44. Rd8 Nf4+ 45. Ke1 Nxd5 46.
h4 Kg4 47. Rh8 Nf4 48. Re8 Kf3 49. Rf8 Rd5 50. Rf7 Rh5 51. Rg7 Nd3+ 0-1